 Dungeon Crawl Stone Soup version 0.28-a0-1594-ga885d4b3d6 (webtiles) character file.

Game seed: 3091925578086734990

6 willcat the Ducker (level 1, 0/10 HPs)
             Began as a Felid Monk on Jan 21, 2022.
             Slain by a jackal (1 damage)
             ... on level 1 of the Dungeon.
             The game lasted 00:00:10 (96 turns).

willcat the Ducker (Felid Monk)                       Turns: 96, Time: 00:00:11

Health: 0/10       AC:  1    Str:  7    XL:     1   Next: 75%
Magic:  2/2        EV: 19    Int: 11    God:
Gold:   0          SH:  0    Dex: 18    Spells: 0/0 levels left
                                        Lives:  0   Deaths: 0

rFire   . . .      SeeInvis +     - Unarmed
rCold   . . .      Faith    .   (shield unavailable)
rNeg    . . .      Spirit   .   (armour unavailable)
rPois   .          Reflect  .   (helmet unavailable)
rElec   .          Harm     .   (cloak unavailable)
rCorr   .          Rampage  .   (gloves unavailable)
Will    .....                   (boots unavailable)
Stlth   +++.......              (no amulet)
HPRegen 0.03/turn               (no ring)
MPRegen 0.08/turn               (no ring)

@: quick
A: very small, claws 1, fangs 3, see invisible, speed 1, shaggy fur 1, stealthy
paws, no weapons or thrown items, no armour, multi-lived
a: no special abilities


You were on level 1 of the Dungeon.
You visited 1 branch of the dungeon, and saw 1 of its levels.

Inventory:

Scrolls
 a - a scroll of fog {unknown}


   Skills:
 - Level 3.0 Fighting
 - Level 4.0 Dodging
 + Level 3.6 Stealth
 - Level 3.0 Unarmed Combat


You couldn't memorise any spells.
You didn't know any spells.
Your spell library was empty.

Dungeon Overview and Level Annotations

Branches:
Dungeon (1/15)

Altars:


Innate Abilities, Weirdness & Mutations

You have sharp claws.
You have razor-sharp teeth.
You have supernaturally acute eyesight. (SInv)
You cover ground quickly. (Speed+)
You are covered in fur. (AC +1)
Your paws help you pounce on unaware monsters.
You are incapable of wielding weapons or throwing items.
You cannot wear armour.
You gain extra lives every three experience levels.


Message History

There are monsters nearby!
A hobgoblin comes into view.
The jackal barks! x2; You hear a bark! x2
A jackal comes into view.
The hobgoblin shouts!
You scratch the jackal.
You kill the jackal!
The jackal misses you.
A jackal comes into view.
You scratch the jackal.
You kill the jackal!
The jackal misses you. The jackal completely misses you.
You scratch the jackal but do no damage.
The jackal closely misses you.
You scratch the jackal.
The jackal is severely wounded.
The jackal completely misses you.
You closely miss the jackal.
The jackal is severely wounded.
The jackal bites you. The hobgoblin closely misses you.
The jackal closely misses you.
You closely miss the jackal.
The jackal is severely wounded.
The jackal misses you. The hobgoblin completely misses you.
The jackal bites you. The hobgoblin hits you.
* * * LOW HITPOINT WARNING * * *
A jackal comes into view.
A rat comes into view.
The jackal barks!
The jackal completely misses you.
You closely miss the jackal. The jackal bites you.
* * * LOW HITPOINT WARNING * * *
You scratch the jackal.
The jackal is moderately wounded.
The jackal misses you. The jackal barely misses you.
You miss the jackal.
The jackal is moderately wounded.
The jackal bites you.
You die...

..# #### #.###. .. ..# #..
....#. .# ..# #.# ...#. .#
..# ####.### #..#r#####.##
## ..###......#
#..#........##...
.........#.#
#..##............
.........#.# #..##hr.8.⌠.8.#
.........#.###..@hhh.......#
>........#......##g..⌠._.⌠.#
........##..##.###.........#
#.[..#......#### ###.8.⌠.8.#
#....##..##.# #.......#
..|...#..##.# ######....
..##..##.##.# ###.. .## #..
#.# #. ..#


You could see 4 jackals, a hobgoblin and a rat.

Vanquished Creatures
  A hobgoblin (D:1)
  2 jackals (D:1)
  A quokka (D:1)
  A goblin (D:1)
5 creatures vanquished.

Notes
Turn   | Place    | Note
-------+----------+-------------------------------------------
     0 | D:1      | willcat the Felid Monk began the quest for the Orb.
     0 | D:1      | Reached XP level 1. HP: 10/10 MP: 2/2
    74 | D:1      | Found a faded altar of an unknown god.
    96 | D:1      | Slain by a jackal

Illustrated notes

Levels and vault maps discovered:
D:1:      evilmike_arrival_crescent, layout_loops_cross,
          hellmonk_ecumenical_altar_dog_temple, minmay_misc_feat_iff,
          minmay_misc_feat_secret_circle

Skill      XL: |  1 |
---------------+----+-----
Stealth        | 3 |  3.6
Fighting       | |  3.0
Dodging        | |  4.0
Unarmed Combat | |  3.0

Action                   || total
-------------------------++-------
Melee: Unarmed           ||    13
 Stab: Sleeping          ||     2
Dodge: Dodged            ||    13

Table legend: (Time is in decaauts)
 A = Elapsed time spent in this place.
 B = Non-inter-level travel time spent in this place.
 C = Inter-level travel time spent in this place.
 D = Time resting spent in this place.
 E = Time spent auto-exploring this place.
 F = Levels seen in this place.
 G = Mean time per level.
                   A        B        C        D        E       F      G
               +--------+--------+--------+--------+--------+-----+--------+
         Total |     79 |     79 |      0 |      0 |     45 |   1 |   79.0 |
       Dungeon |     79 |     79 |      0 |      0 |     45 |   1 |   79.0 |
               +--------+--------+--------+--------+--------+-----+--------+

Top non-repeatable levels by time:
     D:1: 79 daAuts
